 Dungeon Crawl Stone Soup version 0.18-a0-1426-g3b9a63c (webtiles) character file.

350547 namelastname112 the Black Belt (level 20, -12/270 HPs)
             Began as a Black Draconian Monk on Feb 27, 2016.
             Was the Champion of Jiyva.
             Mangled by an ettin
             ... wielding a +0 dire flail
              (25 damage)
             ... on level 5 of the Vaults on Feb 28, 2016.
             The game lasted 02:20:59 (49733 turns).

namelastname112 the Black Belt (DrMo)              Turns: 49733, Time: 02:20:59

Health: -12/270    AC: 28    Str: 17    XL:     20   Next: 92%
Magic:  37/37      EV: 14    Int: 25    God:    Jiyva [******]
Gold:   1113       SH:  0    Dex: 18    Spells: 7 memorised, 13 levels left

rFire  + . .     SeeInvis .       - Unarmed
rCold  . . .     Gourm    .     (armour unavailable)
rNeg   . . .     Faith    .     (shield currently unavailable)
rPois  +         Spirit   .     (helmet unavailable)
rElec  +         Dismiss  .     (cloak currently unavailable)
rCorr  +         Reflect  .     (gloves currently unavailable)
SustAt .         Harm     .     (boots currently unavailable)
MR     ++++.                    B - amulet of Satyriasis {RegenMP rElec rF+}
Stlth  +.........               u - ring of the Mage {Wiz MR++ Int+3}
                                b - ring of Robustness {AC+8}

@: confused, about to teleport, dragon-form, flying, very slightly contaminated,
hasted, deflect missiles, drained, very quick, incredibly resistant to hostile
enchantments, very unstealthy
A: breathe lightning, unfitting armour, (big wings), (beak), (horns 0), (stinger
0), blink, magic resistance 1, sense surroundings 1, regeneration 1, electricity
resistance, (eyeballs 0), (gelatinous body 0), (translucent skin 0), (jelly
sensing items), (jelly absorbing missiles), (cold-blooded), AC +10
a: Breathe Lightning, End Transformation, Blink, Request Jelly, Jelly Paralyse,
Slimify, Cure Bad Mutation, Renounce Religion
}: 3/15 runes: barnacled, slimy, gossamer


You were on level 5 of the Vaults.
You worshipped Jiyva.
Jiyva was exalted by your worship.
You were completely stuffed.
You were a fearsome dragon!
You visited 8 branches of the dungeon, and saw 45 of its levels.
You also visited: Labyrinth, Trove, Ice Cave and Wizlab.

You collected 4276 gold pieces.
You spent 3163 gold pieces at shops.

Inventory:

Armour
 c - a +2 buckler (melded)
 f - a +1 hat of magic resistance
 i - a +2 pair of boots of running
 q - a +0 shield of reflection
 E - the +2 pair of gloves of Xatorif {-Tele rC+++ Str+3}
   (You bought it in a shop on level 10 of the Dungeon)

   It affects your strength (+3).
   It renders you almost immune to cold.
   It prevents most forms of teleportation.
 N - a +2 pair of gloves (melded)
 Q - the +1 pair of boots of Chimes (melded) {MR+ Str-4 Slay+5}
   (You found it on level 6 of the Lair of Beasts)

   It affects your strength (-4).
   It affects your accuracy and damage with ranged weapons and melee attacks
   (+5).
   It affects your resistance to hostile enchantments.
 S - the +0 cloak of Claustrophobia (melded) {+Blink rC+ Stlth-}
   (You found it on level 14 of the Dungeon)

   It protects you from cold.
   It lets you blink.
   It makes you less stealthy.
Rods
 s - a +1 rod of clouds (12/12)
   (You found it in a labyrinth)
Jewellery
 b - the ring of Robustness (left foreclaw) {AC+8}
   (You found it in a wizard's laboratory)

   [ring of protection]

   It affects your AC (+8).
 n - the ring "Ytytusoa" {rPois rC+}
   (You found it in a treasure trove)

   [ring of protection from cold]

   It protects you from cold.
   It protects you from poison.
 u - the ring of the Mage (right foreclaw) {Wiz MR++ Int+3}
   (You bought it in a shop on level 5 of the Dungeon)

   [ring of wizardry]

   It improves your spell success rate.
   It affects your intelligence (+3).
   It affects your resistance to hostile enchantments.
 v - the ring "Ridem" {rF+ Str+4 Int+4 Dex-3}
   (You found it in a treasure trove)

   [ring of intelligence]

   It affects your strength (+4).
   It affects your intelligence (+4).
   It affects your dexterity (-3).
   It protects you from fire.
 B - the amulet of Satyriasis (around neck) {RegenMP rElec rF+}
   (You found it in a treasure trove)

   [amulet of magic regeneration]

   It increases your magic regeneration.
   It protects you from fire.
   It insulates you from electricity.
 H - the ring "Waixzoof" {rF+ MR+ MP-9 Str+3 Dex+2}
   (You found it on level 6 of the Pits of Slime)

   [ring of protection from magic]

   It affects your strength (+3).
   It affects your dexterity (+2).
   It protects you from fire.
   It affects your resistance to hostile enchantments.
   It affects your magic capacity (-9).
 P - the ring of Shaolin {EV+8}
   (You found it in a treasure trove)

   [ring of evasion]

   It affects your evasion (+8).
Wands
 w - a wand of hasting (3/9)
 F - a wand of lightning (0/15)
 L - a wand of teleportation (2/9)
 R - a wand of iceblast (4/15)
Scrolls
 e - 2 scrolls of summoning
 h - 11 scrolls of remove curse
 j - 6 scrolls of enchant armour
 o - 5 scrolls of identify
 p - 2 scrolls of enchant weapon
 y - 3 scrolls of amnesia
 O - 4 scrolls of recharging
 U - a scroll of silence
 Y - 5 scrolls of fog
Potions
 d - 3 potions of magic
 k - 3 potions of ambrosia
 m - 7 potions of agility
 r - a potion of berserk rage
 t - 5 potions of resistance
 x - a potion of invisibility
 z - 2 potions of cancellation
 C - 6 potions of might
 D - 3 potions of brilliance
 G - 11 potions of curing
 X - 2 potions of haste
Books
 l - a book of Transfigurations

   Spells                             Type                      Level
   a - Irradiate                      Conjuration/Transmutation    5
   b - Statue Form                    Transmutation/Earth          6
   c - Hydra Form                     Transmutation                6
   d - Dragon Form                    Transmutation                7
 K - a book of the Sky

   Spells                             Type                      Level
   a - Summon Lightning Spire         Summoning/Air                4
   b - Airstrike                      Air                          4
   c - Silence                        Hexes/Air                    5
   d - Deflect Missiles               Charms/Air                   6
   e - Conjure Ball Lightning         Conjuration/Air              6
   f - Tornado                        Air                          9
 Z - a book of Geomancy

   Spells                             Type                      Level
   a - Sandblast                      Earth                        1
   b - Passwall                       Transmutation/Earth          2
   c - Stone Arrow                    Conjuration/Earth            3
   d - Petrify                        Transmutation/Earth          4
   e - Lee's Rapid Deconstruction     Earth                        5
Miscellaneous
 I - a box of beasts
 V - a phial of floods
 W - a disc of storms
Comestibles
 a - 16 bread rations
 g - 16 meat rations
 J - a beef jerky
 T - 15 fruits


   Skills:
 + Level 16.1(14.9) Fighting
 + Level 14.0(12.9) Dodging
 - Level 1.7(0.9) Stealth
 + Level 10.7(9.7) Shields
 + Level 18.0(16.8) Unarmed Combat
 - Level 13.1(12.0) Spellcasting
 - Level 9.2(8.2) Charms
 + Level 15.0(13.8) Transmutations
 - Level 10.6(9.5) Air Magic
 + Level 5.1(4.2) Earth Magic


You had 13 spell levels left.
You knew the following spells:

 Your Spells              Type           Power        Failure   Level  Hunger
a - Blade Hands           Trmt           ######....   1%          5    ###....
b - Deflect Missiles      Chrm/Air       ######....   9%          6    #####..
c - Ozocubu's Armour      Chrm/Ice       #####...     1%          3    None
d - Regeneration          Chrm/Necr      #####.....   1%          3    None
e - Passwall              Trmt/Erth      ######....   1%          2    None
f - Statue Form           Trmt/Erth      ######...    7%          6    #####..
x - Dragon Form           Trmt           ######....   6%          7    ######.


Dungeon Overview and Level Annotations

Branches:
Dungeon (15/15)            Temple (1/1) D:7            Lair (8/8) D:9
 Shoals (4/4) Lair:4       Spider (4/4) Lair:4        Slime (6/6) Lair:8
    Orc (2/2) D:12            Elf (0/3) Orc:2        Vaults (5/5) D:14
  Crypt (0/3) Vaults:2     Depths (0/5) D:15

Altars:
Ashenzari
Cheibriados
Dithmenos
Elyvilon
Fedhas
Gozag
Kikubaaqudgha
Makhleb
Nemelex Xobeh
Okawaru
Pakellas
Qazlal
Ru
Sif Muna
Trog
Vehumet
Xom
Yredelemnul
Zin
The Shining One
Jiyva

Shops:
D:5 (=!%%   D:6 *   D:8 ?=:   D:9 [   D:10 [   D:13 }}   Orc:2 =[*((
Shoals:4 %

Annotations:
Slime:6 Royal Jelly


Innate Abilities, Weirdness & Mutations

You can breathe wild blasts of lightning.
Your glossy black scales are hard (AC +10).
Your body does not fit into most forms of armour.
((Your large and strong wings let you fly indefinitely.))
You are resistant to electric shocks.
((You are cold-blooded and may be slowed by cold attacks.))
((You have a beak for a mouth.))
((You have a pair of large horns on your head.))
((Your tail ends in a poisonous barb.))
You can translocate small distances at will.
You are resistant to hostile enchantments.
You passively map a small area around you.
Your natural rate of healing is unusually fast.
((Your body is partially covered in golden eyeballs (Acc +3).))
((Your rubbery body absorbs attacks (AC +1).))
((Your skin is partially translucent (Stealth, -foe acc).))
((You have a small jelly attached to you that senses nearby items.))
((You have a small jelly attached to you that may absorb incoming projectiles.))


Message History

The deep elf sorcerer is heavily wounded.
Drink which item? (? for menu, Esc to quit)
You are confused.
You feel invigorated.
The deep elf sorcerer hits you with a dagger.
* * * LOW HITPOINT WARNING * * *
The ettin hits you with a dire flail!!
* * * LOW HITPOINT WARNING * * *
The ettin completely misses you.
The deep elf sorcerer hits you but does no damage.
The vault warden hits you with a battleaxe.
* * * LOW HITPOINT WARNING * * *
You claw the ettin! x2
The ettin is moderately wounded.
The deep elf sorcerer hits you with a dagger.
* * * LOW HITPOINT WARNING * * *
The ettin hits you with a dire flail!
* * * LOW HITPOINT WARNING * * *
The ettin hits you with a dire flail!!
You die...

, * , # , , ,.# *
* , , , ,*..# * *
* ###.(# , *
})...# , , # ∆ ,
*"....#
#/.#######..#..#.
#).....Dpc.p....?
,
,#.....C.e.......)
#############p.##
, ,, .# #.. * , ,
, ,, ,#.. ,* * *
#.. , , , ∆∆ ∆ ...
,, , ... ,, ,, ,
..D


You could see 2 vault wardens, a yaktaur captain, a vault guard, an ettin and a
deep elf sorcerer.

Vanquished Creatures
  Mara (Spider:4)
  Xtahua (Vaults:5)
  A Hellbinder (WizLab)
  Jorgrun (Shoals:4)
  A kraken (Shoals:3)
  Gastronok (Lair:3)
  Ilsuiw (Shoals:4)
  A sphinx (Vaults:1)
  Roxanne (Spider:1)
  Frances (D:13)
  Agnes (Spider:3)
  Donald (Shoals:3)
  Wiglaf (Vaults:2)
  3 frost giants
  A balrug (WizLab)
  7 vault wardens
  4 ghost moths
  A fire giant (Vaults:1)
  An orc warlord (Orc:2)
  8 emperor scorpions
  11 ironheart preservers
  5 very ugly things
  A war gargoyle (Vaults:4)
  3 stone giants
  Nessos (D:13)
  4 deep elf annihilators
  A salamander stormcaller (Vaults:5)
  The ghost of OkrshikAutist the Cruncher, a journeyman VSGl of Okawaru (Lair:6)
  A spark wasp (Spider:4)
  A deep elf demonologist (Vaults:4)
  A green death (WizLab)
  The ghost of namelastname112 the Grappler, a journeyman DrMo of Cheibriados (D:12)
  7 merfolk javelineers
  2 ettins
  6 vault guards
  10 merfolk impalers
  5 fire dragons
  A minotaur (Lab)
  A deep elf death mage (Vaults:4)
  7 yaktaur captains
  3 entropy weavers
  An ice dragon (D:15)
  An entropy weaver (shapeshifter) (Vaults:1)
  Harold (Lair:2)
  2 hell beasts (WizLab)
  12 hydras
  2 satyrs
  2 merfolk avatars (Shoals:4)
  6 centaur warriors
  2 death knights
  9 death yaks (Lair:5)
  2 deep troll shamans (Vaults:3)
  8 ogre magi
  An alligator snapping turtle (Shoals:3)
  Erolcha (D:11)
  A queen ant (Spider:2)
  3 merfolk aquamancers
  A tengu warrior (D:14)
  The ghost of Fabri the Thaumaturge, a novice NaWz of Gozag (D:9)
  Urug (Orc:1)
  A storm dragon zombie (Vaults:3)
  2 orc high priests (Orc:2)
  3 soul eaters (WizLab)
  A sun demon (WizLab)
  4 fire crabs
  5 deep elf knights
  A hell knight (Vaults:1)
  2 deep trolls (Vaults:3)
  An unseen horror (shapeshifter) (Vaults:3)
  2 skeletal warriors (Vaults:1)
  6 sea snakes
  A sea snake (shapeshifter) (D:15)
  3 unseen horrors
  6 hill giants
  8 deep elf archers
  A swamp dragon (shapeshifter) (Vaults:4)
  A wizard (Vaults:1)
  11 harpies
  23 orc knights
  The ghost of Tux the Ruffian, a novice VSTm of Cheibriados (D:8)
  A harpy (shapeshifter) (Vaults:4)
  30 wolf spiders
  6 ironbrand convokers
  12 orc sorcerers
  15 orb spiders
  26 ugly things
  25 griffons
  2 necromancers
  14 deep elf magi
  6 hornets
  5 water nymphs
  18 manticores
  8 fauns
  8 cyclopes
  A salamander (shapeshifter) (Vaults:1)
  A sphinx skeleton (Vaults:3)
  2 human skeletons
  A black mamba (shapeshifter) (D:14)
  31 elephants
  A moth of wrath (Spider:4)
  A rust devil (WizLab)
  5 black mambas
  14 sirens
  2 centaur zombies
  17 vault sentinels
  20 spiny frogs
  6 torpor snails
  Psyche (D:9)
  3 ice statues (IceCv)
  An orange demon (WizLab)
  A guardian serpent (shapeshifter) (Vaults:4)
  A gargoyle (D:14)
  4 centaur skeletons
  2 hellions (WizLab)
  2 ice devils (WizLab)
  4 kobold demonologists
  31 yaktaurs
  6 rime drakes
  13 komodo dragons
  A yaktaur (shapeshifter) (Vaults:1)
  8 freezing wraiths
  2 tengu conjurers (D:15)
  A red devil (WizLab)
  10 demonic crawlers
  A harpy zombie (Shoals:4)
  15 trolls
  4 giant leeches (Lair:8)
  48 merfolk
  A minotaur skeleton (Lab)
  A polar bear (Lair:5)
  2 wind drakes
  Prince Ribbit (Lair:3)
  8 two-headed ogres
  43 blink frogs
  20 jumping spiders
  10 boulder beetles
  14 snapping turtles
  A snapping turtle (shapeshifter) (D:14)
  3 slime creatures (D:12)
  A fire giant simulacrum (Vaults:3)
  A griffon zombie (Shoals:4)
  62 redbacks
  A spriggan (D:7)
  2 vampires
  A shadow (D:13)
  5 water elementals
  A ynoxinul (WizLab)
  5 basilisks
  5 humans (D:7)
  26 tarantellas
  A fire bat (Shoals:2)
  7 wraiths
  22 yaks
  The ghost of psellion the Chopper, an amateur HOSk (D:3)
  12 hippogriffs
  3 hungry ghosts
  A steam dragon (shapeshifter) (Vaults:4)
  Grum (D:9)
  13 vampire mosquitoes
  9 wolves
  2 mottled dragons
  7 wargs
  Menkaure (D:4)
  Edmund (D:4)
  20 soldier ants
  10 porcupines
  15 water moccasins
  53 orc warriors
  2 sky beasts
  A swamp drake (D:12)
  15 ice beasts
  40 ogres
  A necrophage (D:12)
  4 wasps
  7 boggarts
  14 centaurs
  17 crocodiles
  6 big kobolds
  3 human zombies
  39 giant frogs
  A scorpion (D:13)
  2 hippogriff zombies (Shoals:4)
  4 killer bees
  5 electric eels
  6 howler monkeys
  5 wights (D:12)
  4 giant frog zombies
  A spectral giant frog (D:8)
  8 crimson imps
  10 hounds
  A jelly (D:9)
  4 quasits
  22 orc priests
  Crazy Yiuf (D:3)
  2 giant frog skeletons
  30 orc wizards
  7 iguanas
  28 worker ants
  A killer bee zombie (D:5)
  21 sheep
  2 hound skeletons
  2 worker ant zombies
  A howler monkey skeleton (D:7)
  40 river rats
  9 adders
  4 shadow imps
  An adder zombie (D:9)
  2 adder skeletons
  8 worms
  A dart slug (D:1)
  4 giant geckos
  109 orcs
  A bat zombie (Shoals:4)
  8 giant cockroaches
  8 goblins
  9 hobgoblins
  13 jackals
  4 quokkas
  2 ball pythons
  8 bats
  6 giant newts
  38 kobolds
  2 quokka skeletons
  8 rats
  2 fungi
  5 tentacles (Shoals:3)
1690 creatures vanquished.

Vanquished Creatures (collateral kills)
  An orb spider (Spider:3)
  A cyclops (D:15)
  A deep elf mage (D:13)
3 creatures vanquished.

Vanquished Creatures (others)
  6 acid blobs
  An emperor scorpion (Spider:4)
  An ironheart preserver (Vaults:3)
  Josephine (Lair:5)
  5 great orbs of eyes
  A centaur warrior (Vaults:1)
  2 unseen horrors
  A giant orange brain (Slime:4)
  An ironbrand convoker (Vaults:4)
  2 orb spiders (Spider:4)
  A deep elf archer (Vaults:1)
  A deep elf mage (Vaults:4)
  A manticore (Shoals:3)
  A siren (Shoals:4)
  2 eyes of devastation
  A kobold demonologist (Vaults:1)
  A centaur skeleton (D:15)
  2 yaktaurs
  A wind drake (Shoals:3)
  A jumping spider (Spider:4)
  A merfolk (Shoals:1)
  A boulder beetle (Vaults:3)
  47 slime creatures
  8 redbacks
  2 tarantellas (Spider:4)
  A wraith (D:15)
  A golden eye (shapeshifter) (D:14)
  A golden eye (Slime:5)
  A mottled dragon (Vaults:2)
  An orc warrior (Orc:1)
  An ogre (Vaults:3)
  4 centaurs
  A crocodile (Lair:1)
  A hippogriff zombie (Shoals:4)
  231 jellies
  2 orc wizards
  2 orc priests
  A sheep (Shoals:3)
  A river rat (Lair:4)
  5 orcs
  35 fungi
  20 plants
  19 tentacles (Shoals:3)
  1071 tentacle segments (Shoals:3)
1491 creatures vanquished.

Grand Total: 3184 creatures vanquished

Notes
Turn   | Place    | Note
--------------------------------------------------------------
     0 | D:1      | namelastname112 the Draconian Monk began the quest for the Orb.
     0 | D:1      | Reached XP level 1. HP: 19/19 MP: 1/1
   212 | D:1      | Reached XP level 2. HP: 13/26 MP: 2/2
   677 | D:1      | Reached skill level 5 in Unarmed Combat
   841 | D:2      | Reached XP level 3. HP: 29/31 MP: 3/3
  1274 | D:2      | Reached XP level 4. HP: 30/38 MP: 4/4
  1646 | D:3      | Reached skill level 6 in Unarmed Combat
  1660 | D:3      | Found a shattered altar of Ashenzari.
  1937 | D:3      | Noticed psellion's ghost (amateur HOSk)
  1955 | D:4      | Noticed an ogre
  1986 | D:4      | Killed an ogre
  1986 | D:4      | Reached XP level 5. HP: 45/45 MP: 5/5
  1997 | D:3      | Killed psellion's ghost
  1997 | D:3      | Reached skill level 7 in Unarmed Combat
  1997 | D:3      | Reached XP level 6. HP: 45/51 MP: 6/6
  2131 | D:3      | Noticed Crazy Yiuf
  2143 | D:3      | Killed Crazy Yiuf
  2395 | D:3      | Reached skill level 8 in Unarmed Combat
  2630 | D:4      | Noticed Menkaure
  2645 | D:5      | Entered Level 5 of the Dungeon
  2645 | D:5      | Noticed an orc warrior
  2654 | D:4      | Killed Menkaure
  2654 | D:4      | Your scales start taking on a glossy black colour.
  2654 | D:4      | Reached XP level 7. HP: 24/57 MP: 7/7
  2654 | D:4      | Gained mutation: You are resistant to electric shocks. [Black Draconian growth]
  3013 | D:4      | Found a glowing silver altar of Zin.
  3278 | D:4      | Noticed Edmund
  3295 | D:4      | Killed Edmund
  3295 | D:4      | Reached skill level 9 in Unarmed Combat
  3655 | D:5      | Found Delan's Distillery.
  3671 | D:5      | Bought a potion of heal wounds for 50 gold pieces
  3671 | D:5      | Bought a potion of heal wounds for 50 gold pieces
  3711 | D:5      | Found Istril's Jewellery Emporium.
  3738 | D:5      | Found Qufradgh's Weapon Boutique.
  3895 | D:5      | Reached skill level 10 in Unarmed Combat
  3939 | D:5      | Found Munirunk's Food Shop.
  4042 | D:5      | Reached XP level 8. HP: 56/63 MP: 8/8
  4131 | D:5      | Found a basalt altar of Yredelemnul.
  4151 | D:5      | Found Qovimm's Food Emporium.
  4207 | D:5      | Found a white marble altar of Elyvilon.
  4757 | D:6      | Found an oddly glowing altar of Pakellas.
  4814 | D:6      | Found Riosup's General Store.
  4821 | D:6      | Reached skill level 11 in Unarmed Combat
  4871 | D:6      | Reached skill level 5 in Fighting
  5176 | D:6      | Found an ancient bone altar of Kikubaaqudgha.
  5299 | D:6      | Reached XP level 9. HP: 74/74 MP: 9/9
  6055 | D:7      | Reached skill level 5 in Dodging
  6391 | D:7      | Found a staircase to the Ecumenical Temple.
  6406 | D:7      | Identified a +2 pair of boots of running (You found it on level 7 of the Dungeon)
  6414 | Temple   | Entered the Ecumenical Temple
  6696 | D:8      | Noticed Tux's ghost (novice VSTm)
  6989 | D:8      | Killed Tux's ghost
  6989 | D:8      | Reached skill level 12 in Unarmed Combat
  6989 | D:8      | Reached XP level 10. HP: 54/86 MP: 10/10
  7173 | D:8      | Found Jicuas's Book Boutique.
  7231 | D:8      | Found Cegomp's Magic Scroll Shop.
  7238 | D:8      | Found Hegaac's Jewellery Emporium.
  7693 | D:9      | Noticed Fabri's ghost (novice NaWz)
  7733 | D:9      | Killed Fabri's ghost
  7850 | D:9      | Gained mutation: You have large cloven feet. [mutagenic meat]
  7977 | D:9      | Noticed Psyche
  7993 | D:9      | Killed Psyche
  8152 | D:9      | Noticed Grum
  8157 | D:9      | Killed Grum
  8278 | D:9      | Found Zohumep's Antique Armour Shop.
  8472 | D:9      | Found a shimmering altar of Xom.
  8491 | D:9      | Found a staircase to the Lair.
  8699 | D:9      | Found a stormy altar of Qazlal.
  8985 | D:9      | Found a deep blue altar of Sif Muna.
  9061 | D:10     | Entered Level 10 of the Dungeon
  9100 | D:10     | Found Geshraeva's Antique Armour Boutique.
  9242 | D:10     | Identified Vopsel's Guide on Congealing Malediction
  9243 | D:10     | Found a snail-covered altar of Cheibriados.
  9312 | D:10     | Learned a level 5 spell: Blade Hands
  9382 | D:10     | Reached skill level 13 in Unarmed Combat
  9382 | D:10     | Reached XP level 11. HP: 73/97 MP: 10/12
  9408 | D:10     | Killed an unseen horror
  9408 | D:10     | Reached skill level 1 in Spellcasting
  9408 | D:10     | Reached skill level 1 in Transmutations
  9814 | D:10     | Gained mutation: Your tail ends in a poisonous barb. [potion of mutation]
  9814 | D:10     | Gained mutation: Your muscles are strong. (Str +2) [potion of mutation]
  9815 | D:10     | Gained mutation: Your flesh is heat resistant. [potion of mutation]
  9815 | D:10     | Lost mutation: Your tail ends in a poisonous barb. [potion of mutation]
  9815 | D:10     | Gained mutation: You are dopey. (Int -2) [potion of mutation]
 10165 | D:11     | Noticed Erolcha
 10169 | D:11     | Killed Erolcha
 10205 | D:11     | Found a white marble altar of Elyvilon.
 10716 | D:12     | Noticed namelastname112's ghost (journeyman DrMo)
 10755 | D:12     | Killed namelastname112's ghost
 10984 | D:12     | Reached skill level 10 in Fighting
 11241 | D:12     | Noticed a green ugly thing
 11248 | D:12     | Killed a green ugly thing
 11501 | D:12     | Found a staircase to the Orcish Mines.
 11872 | D:12     | Reached skill level 5 in Transmutations
 12091 | D:12     | Noticed a hill giant
 12108 | D:12     | Killed a hill giant
 12108 | D:12     | Reached XP level 12. HP: 41/107 MP: 18/18
 12212 | Orc:1    | Entered Level 1 of the Orcish Mines
 12341 | Orc:1    | Noticed Urug
 12462 | Orc:1    | Killed Urug
 12752 | Orc:1    | Reached skill level 5 in Spellcasting
 12903 | Orc:2    | Entered Level 2 of the Orcish Mines
 12913 | Orc:2    | Found Bikoga's General Store.
 13051 | Orc:2    | Found Gudum's Weapon Boutique.
 13293 | Orc:2    | Found Yvaud's Jewellery Emporium.
 13481 | Orc:2    | Noticed an orc high priest
 13508 | Orc:2    | Noticed an orc warlord
 13513 | Orc:2    | Killed an orc high priest
 13520 | Orc:2    | Found Jodul's Antique Armour Emporium.
 14126 | Orc:2    | Found Dedemaem's Antique Weapon Boutique.
 14465 | Orc:2    | Gained mutation: You have hoof-like feet. [potion of beneficial mutation]
 14614 | Orc:2    | Killed an orc warlord
 14706 | Orc:2    | Noticed an orc high priest
 14717 | Orc:2    | Killed an orc high priest
 14805 | Orc:2    | Reached XP level 13. HP: 110/116 MP: 23/23
 15009 | Orc:2    | Found a staircase to the Elven Halls.
 15383 | D:13     | Noticed a vault guard
 15394 | D:13     | Killed a vault guard
 15397 | D:13     | Found a portal to a secret trove of treasure.
 15470 | D:13     | Found a blossoming altar of Fedhas.
 15543 | D:13     | Noticed Nessos
 15828 | D:13     | Killed Nessos
 15869 | D:13     | Reached skill level 14 in Unarmed Combat
 15925 | D:13     | Found Himur's Gadget Boutique.
 15931 | D:13     | Found Cueneu's Gadget Boutique.
 15949 | D:13     | Noticed Frances
 15970 | D:13     | Killed Frances
 16500 | D:10     | Bought a shiny plate armour for 529 gold pieces
 16500 | D:10     | Bought a pair of crude gloves for 218 gold pieces
 16511 | D:10     | Identified the +2 pair of gloves of Xatorif {-Tele rC+++ Str+3} (You bought it in a shop on level 10 of the Dungeon)
 16606 | D:8      | Bought a book of Transfigurations for 770 gold pieces
 16614 | D:8      | Learned a level 7 spell: Dragon Form
 16664 | Lair:1   | Entered Level 1 of the Lair of Beasts
 16673 | Lair:1   | Found a frozen archway.
 16744 | IceCv    | Entered an ice cave
 17256 | Lair:1   | Learned a level 3 spell: Ozocubu's Armour
 17985 | Lair:2   | Reached skill level 10 in Transmutations
 18003 | Lair:2   | HP: 5/116 [eight-headed hydra (12)]
 18003 | Lair:2   | HP: 1/116 [eight-headed hydra (4)]
 18230 | Lair:2   | Noticed Harold
 18247 | Lair:2   | Killed Harold
 18936 | Lair:3   | Noticed Prince Ribbit
 18975 | Lair:3   | Killed Prince Ribbit
 19159 | Lair:3   | Gained mutation: You are occasionally teleported next to monsters. [potion of mutation]
 19159 | Lair:3   | Lost mutation: You are dopey. (Int -2) [potion of mutation]
 19159 | Lair:3   | Gained mutation: Scrolls take you a little longer to read. [potion of mutation]
 19160 | Lair:3   | Lost mutation: Scrolls take you a little longer to read. [potion of cure mutation]
 19160 | Lair:3   | Lost mutation: Your flesh is heat resistant. [potion of cure mutation]
 19160 | Lair:3   | Lost mutation: You have hoof-like feet. [potion of cure mutation]
 19160 | Lair:3   | Lost mutation: Your muscles are strong. (Str +2) [potion of cure mutation]
 19161 | Lair:3   | Lost mutation: You are occasionally teleported next to monsters. [potion of cure mutation]
 19161 | Lair:3   | Lost mutation: You have large cloven feet. [potion of cure mutation]
 19307 | Lair:3   | Gained mutation: Your large and strong wings let you fly indefinitely. [Black Draconian growth]
 19307 | Lair:3   | Reached XP level 14. HP: 88/124 MP: 23/27
 19598 | Lair:3   | Noticed Gastronok
 19613 | Lair:3   | Killed Gastronok
 19680 | Lair:3   | Reached skill level 10 in Spellcasting
 20031 | Lair:4   | Found a labyrinth entrance.
 20037 | Lab      | Entered a labyrinth
 20866 | Lab      | Identified a +1 rod of clouds (12/12) (You found it in a labyrinth)
 21563 | Lair:4   | Found a staircase to the Shoals.
 21699 | Lair:4   | Found a hole to the Spider Nest.
 22348 | Lair:5   | Noticed Josephine
 22352 | Lair:5   | Killed Josephine
 22894 | Lair:6   | Noticed OkrshikAutist's ghost (journeyman VSGl)
 22903 | Lair:6   | Killed OkrshikAutist's ghost
 23485 | Lair:6   | Reached XP level 15. HP: 123/130 MP: 31/31
 23641 | Lair:6   | Got a pair of ancient boots
 23642 | Lair:6   | Identified the +1 pair of boots of Chimes {MR+ Str-4 Slay+5} (You found it on level 6 of the Lair of Beasts)
 24909 | Lair:8   | Entered Level 8 of the Lair of Beasts
 25701 | Lair:8   | Reached skill level 1 in Charms
 26130 | Lair:8   | Found a viscous altar of Jiyva.
 26130 | Lair:8   | Found a staircase to the Slime Pits.
 26285 | Lair:8   | Became a worshipper of Jiyva Jeesosuy the Shapeless
 26285 | Lair:8   | Reached * piety under Jiyva
 26285 | Lair:8   | Reached ** piety under Jiyva
 26727 | Lair:8   | Reached *** piety under Jiyva
 27305 | Lair:5   | Gained mutation: Your muscles are strong. (Str +2) [Jiyva's grace]
 27342 | Lair:5   | Reached **** piety under Jiyva
 27849 | Lair:3   | Lost mutation: Your muscles are strong. (Str +2) [Jiyva's grace]
 28384 | Lair:1   | Reached ***** piety under Jiyva
 28386 | Lair:1   | Gained mutation: You have acidic saliva. [Jiyva's grace]
 28488 | D:5      | Bought the ring of the Mage {Wiz MR++ Int+3} for 775 gold pieces
 28597 | Lair:2   | Learned a level 2 spell: Passwall
 28712 | Slime:1  | Entered Level 1 of the Pits of Slime
 28712 | Slime:1  | Noticed an acid blob
 28712 | Slime:1  | Noticed an acid blob
 28754 | Slime:3  | Noticed an acid blob
 28792 | Slime:6  | Entered Level 6 of the Pits of Slime
 28803 | Slime:6  | Noticed an acid blob
 28815 | Slime:6  | Found a viscous altar of Jiyva.
 28816 | Slime:6  | Noticed the Royal Jelly
 28816 | Slime:6  | Noticed an acid blob
 28823 | Slime:6  | Noticed an acid blob
 28832 | Slime:6  | Killed an acid blob
 28832 | Slime:6  | Killed an acid blob
 28833 | Slime:6  | Killed an acid blob
 28902 | Slime:3  | Noticed an acid blob
 28966 | Slime:1  | Killed an acid blob
 28982 | Slime:2  | Noticed an acid blob
 28993 | Slime:2  | Killed an acid blob
 29007 | Slime:2  | Noticed an acid blob
 29317 | Lair:1   | Gained mutation: Your muscles are strong. (Str +2) [Jiyva's grace]
 30149 | Orc:1    | Gained mutation: Your skin is partially translucent (Stealth, -foe acc). [Jiyva's grace]
 30185 | Orc:1    | Lost mutation: Your skin is partially translucent (Stealth, -foe acc). [Jiyva's grace]
 30190 | Orc:1    | Reached ****** piety under Jiyva
 30208 | Orc:1    | Gained mutation: You are dopey. (Int -2) [Jiyva's grace]
 30489 | Lair:4   | Gained mutation: You have a small jelly attached to you that may absorb incoming projectiles. [Jiyva's grace]
 30617 | Slime:5  | Noticed an acid blob
 30634 | Slime:6  | Lost mutation: You are dopey. (Int -2) [Jiyva's grace]
 30641 | Slime:6  | Noticed an acid blob
 30644 | Slime:6  | Gained mutation: You have large cloven feet. [Jiyva's grace]
 30652 | Slime:6  | Gained mutation: You are somewhat resistant to further mutation. [Jiyva's grace]
 30656 | Slime:6  | Got a slimy rune of Zot
 30660 | Slime:6  | Gained mutation: Your spells are a little harder to cast, but a little more powerful. [Jiyva's grace]
 30669 | Slime:6  | Identified the Guide on Shape Shifting
 30671 | Slime:6  | Got a scorched iron ring
 30685 | Slime:6  | Identified the Compendium of Evil Execration
 30687 | Slime:6  | Identified the ring "Waixzoof" {rF+ MR+ MP-9 Str+3 Dex+2} (You found it on level 6 of the Pits of Slime)
 31051 | D:14     | Reached skill level 10 in Dodging
 31179 | D:14     | Learned a level 6 spell: Deflect Missiles
 31183 | D:14     | Found a gate to the Vaults.
 31183 | D:14     | Lost mutation: Your muscles are strong. (Str +2) [Jiyva's grace]
 31215 | D:14     | Reached XP level 16. HP: 44/139 MP: 24/33
 31253 | D:14     | Got a translucent cloak
 31264 | D:14     | Identified the +0 cloak of Claustrophobia {+Blink rC+ Stlth-} (You found it on level 14 of the Dungeon)
 31684 | D:15     | Entered Level 15 of the Dungeon
 31722 | D:15     | Gained mutation: You are agile. (Dex +2) [Jiyva's grace]
 31837 | D:15     | Found a staircase to the Depths.
 31915 | D:15     | Gained mutation: Your muscles are strong. (Str +2) [Jiyva's grace]
 32103 | D:15     | Lost mutation: You are agile. (Dex +2) [Jiyva's grace]
 32588 | D:12     | Lost mutation: You have a small jelly attached to you that may absorb incoming projectiles. [Jiyva's grace]
 32784 | Shoals:1 | Entered Level 1 of the Shoals
 32793 | Shoals:1 | Reached skill level 15 in Unarmed Combat
 32811 | Shoals:1 | Reached skill level 1 in Air Magic
 33140 | Shoals:1 | Gained mutation: You have a pair of small horns on your head. [Jiyva's grace]
 33169 | Shoals:1 | Gained mutation: You have a pair of horns on your head. [Jiyva's grace]
 33398 | Shoals:1 | Reached skill level 1 in Shields
 33428 | Shoals:1 | Gained mutation: You possess an exceptional clarity of mind. [Jiyva's grace]
 33544 | Shoals:1 | Gained mutation: You have a small jelly attached to you that may absorb incoming projectiles. [Jiyva's grace]
 33842 | Shoals:1 | Lost mutation: You have large cloven feet. [Jiyva's grace]
 34375 | Shoals:2 | Gained mutation: Your mind is acute. (Int +2) [Jiyva's grace]
 34391 | Shoals:2 | Lost mutation: Your mind is acute. (Int +2) [Jiyva's grace]
 34408 | Shoals:2 | Lost mutation: You possess an exceptional clarity of mind. [Jiyva's grace]
 34911 | Shoals:2 | Lost mutation: You are somewhat resistant to further mutation. [Jiyva's grace]
 34983 | Shoals:2 | Reached skill level 5 in Charms
 35465 | Shoals:3 | Lost mutation: You have acidic saliva. [Jiyva's grace]
 35504 | Shoals:3 | Gained mutation: Your skin is partially translucent (Stealth, -foe acc). [Jiyva's grace]
 35558 | Shoals:3 | Reached XP level 17. HP: 148/148 MP: 25/34
 35772 | Shoals:3 | Noticed Donald
 35781 | Shoals:3 | Killed Donald
 35873 | Shoals:3 | Noticed a kraken
 36070 | Shoals:3 | Killed a kraken
 36327 | Shoals:4 | Entered Level 4 of the Shoals
 36339 | Shoals:4 | Noticed Ilsuiw
 36744 | Shoals:3 | Gained mutation: You are agile. (Dex +2) [Jiyva's grace]
 37007 | D:8      | Bought a book of Necromancy for 420 gold pieces
 37011 | D:8      | Learned a level 3 spell: Regeneration
 37166 | Spider:1 | Entered Level 1 of the Spider Nest
 37254 | Spider:1 | Reached skill level 5 in Air Magic
 37693 | Spider:1 | Paralysed by a hornet for 2 turns
 37705 | Spider:1 | Lost mutation: You are agile. (Dex +2) [Jiyva's grace]
 37923 | Spider:1 | Reached skill level 16 in Unarmed Combat
 38129 | Spider:1 | Noticed Roxanne
 38155 | Spider:1 | Killed Roxanne
 38157 | Spider:1 | Identified Roxanne's Incunabulum of Transformation and the Rocks (You took it off Roxanne on level 1 of the Spider Nest)
 38165 | Spider:1 | Learned a level 6 spell: Statue Form
 38392 | Spider:2 | Reached skill level 5 in Shields
 38647 | Spider:2 | Gained mutation: Your flesh is heat resistant. [Jiyva's grace]
 39208 | Spider:3 | Noticed Agnes
 39219 | Spider:3 | Killed Agnes
 39304 | Spider:3 | Gained mutation: You are agile. (Dex +2) [potion of mutation]
 39304 | Spider:3 | Lost mutation: Your muscles are strong. (Str +2) [potion of mutation]
 39345 | Spider:3 | Gained mutation: You have a pair of large horns on your head. [Jiyva's grace]
 39813 | Spider:3 | Gained mutation: You have sharp fingernails. [mutagenic meat]
 39814 | Spider:3 | Gained mutation: Your flesh is cold resistant. [mutagenic meat]
 39816 | Spider:3 | Gained mutation: You have large cloven feet. [mutagenic meat]
 39934 | Spider:3 | Gained mutation: Your system is resistant to poisons. [Jiyva's grace]
 40046 | Spider:4 | Entered Level 4 of the Spider Nest
 40087 | Spider:4 | Noticed an acid blob
 40087 | Spider:4 | a wolf spider changed into an acid blob
 40374 | Spider:4 | Gained mutation: You have very sharp fingernails. [Jiyva's grace]
 40375 | Spider:4 | Reached XP level 18. HP: 159/159 MP: 23/35
 40386 | Spider:4 | Noticed Mara
 40590 | Spider:4 | Noticed namelastname112's illusion
 40593 | Spider:4 | Killed Mara
 41268 | Spider:4 | Gained mutation: You can translocate small distances at will. [Jiyva's grace]
 41365 | Spider:4 | Got a gossamer rune of Zot
 41871 | Shoals:3 | Lost mutation: Your spells are a little harder to cast, but a little more powerful. [Jiyva's grace]
 42163 | Shoals:4 | Lost mutation: Your skin is partially translucent (Stealth, -foe acc). [Jiyva's grace]
 42180 | Shoals:4 | Lost mutation: You have a small jelly attached to you that may absorb incoming projectiles. [Jiyva's grace]
 42196 | Shoals:4 | Gained mutation: You have a small jelly attached to you that senses nearby items. [Jiyva's grace]
 42202 | Shoals:4 | Got a barnacled rune of Zot
 42255 | Shoals:4 | Gained mutation: Your rubbery body absorbs attacks (AC +1). [Jiyva's grace]
 42331 | Shoals:4 | Gained mutation: You possess an exceptional clarity of mind. [Jiyva's grace]
 42356 | Shoals:4 | Found Uzack's Food Boutique.
 42455 | Shoals:4 | Killed Ilsuiw
 42475 | Shoals:4 | Lost mutation: Your flesh is cold resistant. [Jiyva's grace]
 42526 | Shoals:4 | Noticed Jorgrun
 42535 | Shoals:4 | Killed Jorgrun
 42560 | Shoals:4 | Lost mutation: Your system is resistant to poisons. [Jiyva's grace]
 42987 | D:14     | Lost mutation: You are agile. (Dex +2) [Jiyva's grace]
 43430 | Vaults:1 | Entered Level 1 of the Vaults
 43540 | Vaults:1 | Reached XP level 19. HP: 94/168 MP: 24/36
 43550 | Vaults:1 | Reached skill level 17 in Unarmed Combat
 43601 | Vaults:1 | Found a magical portal.
 43610 | WizLab   | Entered The Hall of Oretwad the Hellbinder
 43884 | WizLab   | Noticed Oretwad
 43886 | WizLab   | Found a burning altar of Makhleb.
 43900 | WizLab   | Killed Oretwad the Hellbinder
 43900 | WizLab   | Reached skill level 10 in Air Magic
 43960 | WizLab   | Identified Hofopidu's Papyrus of Fetching Calling (You found it in a wizard's laboratory)
 43963 | WizLab   | Identified the Incunabulum of Companions and the Traveller
 44275 | D:13     | Gained mutation: Your body is partially covered in golden eyeballs (Acc +3). [Jiyva's grace]
 44299 | D:13     | You paid a toll of a +5 demon whip to enter a treasure trove
 44300 | Trove    | Entered a treasure trove
 44306 | Trove    | Got a scorched turquoise ring
 44312 | Trove    | Identified the ring "Ridem" {rF+ Str+4 Int+4 Dex-3} (You found it in a treasure trove)
 44316 | Trove    | Got a vibrating turquoise ring
 44318 | Trove    | Identified the ring "Kym Muimn" {*Contam rElec MR+ Int+3} (You found it in a treasure trove)
 44329 | Trove    | Got a glittering amber ring
 44330 | Trove    | Identified the ring of Pride {rN+ Int+5} (You found it in a treasure trove)
 44330 | Trove    | Lost mutation: You have large cloven feet. [Jiyva's grace]
 44333 | Trove    | Got an ancient ruby amulet
 44334 | Trove    | Identified the amulet of Satyriasis {RegenMP rElec rF+} (You found it in a treasure trove)
 44341 | Trove    | Got a heavily runed bone ring
 44342 | Trove    | Identified the ring "Ytytusoa" {rPois rC+} (You found it in a treasure trove)
 44646 | Vaults:1 | Gained mutation: Your skin changes colour to match your surroundings (Stealth). [Jiyva's grace]
 44673 | Vaults:1 | Lost mutation: Your body is partially covered in golden eyeballs (Acc +3). [Jiyva's grace]
 44702 | Vaults:1 | Reached skill level 15 in Fighting
 44717 | Vaults:1 | Lost mutation: You have very sharp fingernails. [Jiyva's grace]
 44723 | Vaults:1 | Lost mutation: You possess an exceptional clarity of mind. [Jiyva's grace]
 44730 | Vaults:1 | Gained mutation: You are covered in slimy tendrils that may disarm your opponents. [Jiyva's grace]
 44738 | Vaults:1 | Gained mutation: You evolve. [Jiyva's grace]
 44745 | Vaults:1 | Gained mutation: Your tail ends in a poisonous barb. [Jiyva's grace]
 44870 | Vaults:1 | Gained mutation: Your body is partially covered in golden eyeballs (Acc +3). [Jiyva's grace]
 45078 | Vaults:1 | Reached skill level 1 in Earth Magic
 45148 | Vaults:1 | Lost mutation: Your tail ends in a poisonous barb. [Jiyva's grace]
 45186 | Vaults:1 | Gained mutation: Your muscles are strong. (Str +2) [Jiyva's grace]
 45598 | Vaults:2 | Gained mutation: Your body is mostly covered in golden eyeballs (Acc +5). [Jiyva's grace]
 45662 | Vaults:2 | Lost mutation: Your skin changes colour to match your surroundings (Stealth). [Jiyva's grace]
 45662 | Vaults:2 | Gained mutation: Your skin is partially translucent (Stealth, -foe acc). [Jiyva's grace]
 45826 | Vaults:2 | Lost mutation: Your muscles are strong. (Str +2) [Jiyva's grace]
 45993 | Vaults:2 | Gained mutation: You have a small jelly attached to you that may absorb incoming projectiles. [Jiyva's grace]
 46425 | Vaults:2 | Noticed Wiglaf
 46431 | Vaults:2 | Killed Wiglaf
 46491 | Vaults:2 | Found a staircase to the Crypt.
 46491 | Vaults:2 | Found a basalt altar of Yredelemnul.
 46492 | Vaults:2 | Found an ancient bone altar of Kikubaaqudgha.
 46769 | Vaults:2 | Lost mutation: You have sharp fingernails. [Jiyva's grace]
 46899 | Vaults:3 | Got a clouded granite ring
 46901 | Vaults:3 | Identified the cursed ring "Kecrejuol" {-Tele rC+ rN+ Str+8 Int-3} (You found it on level 3 of the Vaults)
 46950 | Vaults:3 | Reached XP level 20. HP: 178/178 MP: 29/37
 47360 | Vaults:3 | Gained mutation: You have large cloven feet. [Jiyva's grace]
 47432 | Vaults:3 | Reached skill level 10 in Shields
 47627 | Vaults:3 | Gained mutation: Your tail ends in a poisonous barb. [Jiyva's grace]
 47632 | Vaults:3 | Gained mutation: Your mind is acute. (Int +2) [Jiyva's grace]
 47651 | Vaults:3 | Lost mutation: You are covered in slimy tendrils that may disarm your opponents. [Jiyva's grace]
 47665 | Vaults:3 | Gained mutation: Your system is resistant to poisons. [Jiyva's grace]
 47710 | Vaults:3 | Gained mutation: You passively map a small area around you. [Jiyva's grace]
 47725 | Vaults:3 | Lost mutation: Your system is resistant to poisons. [Jiyva's grace]
 47740 | Vaults:3 | Lost mutation: You have large cloven feet. [evolution]
 48011 | Vaults:3 | Gained mutation: You are resistant to hostile enchantments. [Jiyva's grace]
 48065 | Vaults:3 | Gained mutation: Your spells are a little harder to cast, but a little more powerful. [Jiyva's grace]
 48373 | Vaults:4 | Gained mutation: Your natural rate of healing is unusually fast. [Jiyva's grace]
 48400 | Vaults:4 | Lost mutation: Your body is mostly covered in golden eyeballs (Acc +5). [Jiyva's grace]
 48423 | Vaults:4 | Gained mutation: You have a beak for a mouth. [Jiyva's grace]
 48562 | Vaults:4 | Lost mutation: Your mind is acute. (Int +2) [Jiyva's grace]
 48835 | D:7      | Lost mutation: You evolve. [Jiyva's grace]
 48862 | Vaults:4 | Lost mutation: Your flesh is heat resistant. [Jiyva's grace]
 48895 | Vaults:4 | Reached skill level 18 in Unarmed Combat
 48940 | Vaults:4 | Gained mutation: Your body is mostly covered in golden eyeballs (Acc +5). [Jiyva's grace]
 48954 | Vaults:4 | Lost mutation: Your spells are a little harder to cast, but a little more powerful. [Jiyva's grace]
 49011 | Vaults:4 | Lost mutation: Your body is mostly covered in golden eyeballs (Acc +5). [Jiyva's grace]
 49188 | Vaults:5 | Entered Level 5 of the Vaults
 49453 | D:13     | Bought a wand of teleportation (5/9) for 351 gold pieces
 49653 | Vaults:5 | Noticed a golden dragon
 49669 | Vaults:5 | Noticed Xtahua
 49682 | Vaults:5 | Killed Xtahua
 49682 | Vaults:5 | Reached skill level 15 in Transmutations
 49682 | Vaults:5 | Reached skill level 5 in Earth Magic
 49733 | Vaults:5 | HP: 13/270 [ettin/dire flail (12)]
 49733 | Vaults:5 | Mangled by an ettin

Vault maps used:
D:1:      minmay_arrival_widening_spiral_wide
D:3:      lemuel_crystal_altar, first_bread, dk_noncrumbling_2,
          uniq_crazy_yiuf_cottage
D:4:      zin_statuary, uniq_edmund, uniq_menkaure
D:5:      kennysheep_spiral_hall, kennysheep_ying_yang, serial_shops, shop,
          nicolae_shop_crystal, kennysheep_mini_moat, shop,
          nicolae_shop_crystal, st_stairs_8
D:6:      kiku_gazebo_pond_becter, serial_shops,
          nicolae_shop_temple_entry_statues_fountains, grunt_pakellas_salt
D:7:      minmay_temple_entry_fiery, the_bakery, minmay_ruffians
D:8:      serial_shops, shop, shop, shop
D:9:      lemuel_coloured_pillars_altar, lemuel_blue_sif_altar,
          xom_teletrap_fun, lair_0_dummy, serial_shops, nicolae_shop_trees,
          hangedman_weighted_door, uniq_grum, uniq_psyche
D:10:     basic_altar, serial_shops, shop_fountains, serial_bayou_lagoon_a
D:11:     elyvilon_altar_5, uniq_erolcha
D:12:     erik_orc_1, serial_curves, eino_curves_01, eino_curves_02,
          roderic_nine_men_s_morris, kennysheep_minor_cross,
          kennysheep_pointless_box
D:13:     enter_trove_5, serial_shops, kennysheep_mini, shop,
          fedhas_bush_and_centaur_altar, uniq_frances, uniq_nessos
D:14:     david_vaults_2, serial_park_paths
D:15:     grunt_enter_depths_hoard, hangedman_decor_lopped, serial_bayou,
          serial_bayou_crossing, serial_bayou_pond_b, serial_bayou_pond_b,
          serial_bayou_pond_c
Temple:   water_room_temple_b_12
Lair:1:   beast_lair_carwin_large_3, portal_ice_cave_entry_ice_beasts,
          infiniplex_staircase_pool_2
Lair:2:   grunt_megastairs_2, lemuel_fruit_tree, uniq_harold
Lair:3:   uniq_prince_ribbit2, uniq_gastronok
Lair:4:   minmay_shoals_entry_beasts, spider_nest_entry_funnel_web,
          lab_entry_generic
Lair:5:   uniq_josephine
Lair:6:   mu_elephants_graveyard
Lair:7:   grunt_megastairs_3
Lair:8:   minmay_lair_end_frog_pond, dpeg_slime_entry_enclosed_altar,
          serial_bayou_ford_a
Shoals:2: cheibrodos_shoals_oceanic_diplomacy, hangedman_shoal_volcano
Shoals:3: nicolae_shoals_hunting_party, uniq_donald
Shoals:4: shoals_end_grunt_ice, shoals_ilsuiw_ice, serial_shops, shop,
          nicolae_shoals_undead_eyrie, uniq_jorgrun
Spider:1: hangedman_spider_tarantella_strand, uniq_roxanne
Spider:2: zaba_antful_of_joy
Spider:3: uniq_agnes
Spider:4: grunt_spider_rune_circles, uniq_mara
Slime:3:  basic_altar, cheibrodos_slime_lost_civilization_6
Orc:1:    uniq_urug
Orc:2:    grunt_orc_gardens, grunt_orc_garden, grunt_orc_garden,
          grunt_orc_garden, grunt_orc_garden, serial_shops, shop_fountains,
          nicolae_orc_lava_tube
Vaults:1: grunt_vaults_funneled_arena, vaults_mumra_minichess,
          nicolae_vaults_what_the_h, dpeg_vaults_monster_row,
          hangedman_vaults_nodes, dpeg_vaults_monster_box, v_alt_pattern_1,
          hangedman_vaults_nails, ontoclasm_vaults_shuriken,
          ontoclasm_vaults_claustrophobia, nicolae_vaults_gold_heap,
          hangedman_vaults_stretched_pinwheel, nicolae_vaults_little_ls,
          infiniplex_enter_wizlab_water
Vaults:2: v_misc_11, minmay_crypt_entry_necro_gods, v_alt_pattern_5, v_misc_2,
          nicolae_vaults_little_squares_1, nicolae_vaults_asterisk, v_misc_5,
          vaults_room_large_hall, hangedman_vaults_stretched_pinwheel,
          nicolae_vaults_mini_display_case, uniq_wiglaf
Vaults:3: v_misc_19, nicolae_vaults_triangles, nicolae_vaults_little_squares_4,
          hangedman_vaults_capsules, hangedman_vaults_slice, vaults_room_pool,
          vaults_room_grunt_arrival_checkpoint, v_misc_12, v_misc_8,
          nicolae_vaults_shelves_hall, v_rooms_2, vaults_dpeg_ring
Vaults:4: vaults_mumra_lcd, hangedman_vaults_stagger,
          nicolae_vaults_sealed_display, nicolae_vaults_little_squares_4,
          v_alt_pattern_6, nicolae_vaults_alarming,
          nicolae_vaults_little_squares_2, ontoclasm_vaults_shout,
          vaults_room_door_hall, ontoclasm_vaults_twist
Vaults:5: serial_shops, uniq_mennas, uniq_xtahua
Lab:      nicolae_lab_starburst
Trove:    trove_jewel_2
IceCv:    ice_cave_statue_garden_02
WizLab:   wizlab_demon

Skill      XL: |  1  2  3  4  5  6  7  8  9 10 11 12 13 14 15 16 17 18 19 20 |
---------------+-------------------------------------------------------------+-----
Unarmed Combat | 5 6 7 8 10 11 12 13 14 15 16 17 18 | 18.0
Dodging        | 4 6 7 8 9 10 11 12 13 14 | 14.0
Fighting       | 5 7 9 10 11 12 13 14 15 16 | 16.1
Spellcasting   | 4 7 9 12 13 | 13.1
Transmutations | 5 7 10 12 14 15 | 15.0
Charms         | 3 5 7 8 9 |  9.2
Air Magic      | 4 7 9 10 | 10.6
Shields        | 3 6 8 9 10 | 10.7
Earth Magic    | 2 5 |  5.1
Stealth        | |  1.7

Action                   |  1- 3 |  4- 6 |  7- 9 | 10-12 | 13-15 | 16-18 | 19-21 || total
-------------------------+-------+-------+-------+-------+-------+-------+-------++-------
Melee: Unarmed           |   117 |   137 |   406 |  1009 |  1628 |  1390 |  1089 ||  5776
Throw: Throwing net      |       |       |       |       |     2 |       |       ||     2
 Cast: Blade Hands       |       |       |       |       |    42 |     3 |       ||    45
       Dragon Form       |       |       |       |       |     1 |    53 |    39 ||    93
       Regeneration      |       |       |       |       |       |    23 |    28 ||    51
       Deflect Missiles  |       |       |       |       |       |     4 |    12 ||    16
       Passwall          |       |       |       |       |       |       |     2 ||     2
Invok: Request Jelly     |       |       |       |       |     9 |     2 |       ||    11
       Slimify           |       |       |       |       |       |     2 |       ||     2
       Jelly Paralyse    |       |       |       |       |       |       |     1 ||     1
 Abil: Breathe Lightning |       |       |     5 |    36 |     7 |       |       ||    48
       Fly               |       |       |       |       |     1 |       |       ||     1
       Stop Flying       |       |       |       |       |       |       |     1 ||     1
Evoke: Wand              |       |       |       |    10 |     8 |       |     4 ||    22
       Phial of floods   |       |       |       |       |     1 |     1 |       ||     2
  Use: Scroll            |       |     7 |     6 |    15 |    13 |    14 |    20 ||    75
       Potion            |       |     3 |       |     7 |    10 |    11 |     4 ||    35
 Stab: Sleeping          |     7 |     1 |     4 |     5 |     7 |     2 |     1 ||    27
       Distracted        |       |     2 |       |     4 |     2 |     3 |     2 ||    13
       Confused          |       |       |       |       |     4 |       |     5 ||     9
       Held in net/web   |       |       |       |       |     3 |       |       ||     3
       Paralysed         |       |       |       |       |       |       |     1 ||     1
  Eat: Chunk             |     1 |     5 |    12 |    28 |    39 |     4 |       ||    89
       Fruit             |       |       |     1 |     2 |     2 |       |       ||     5
       Beef jerky        |       |       |     1 |     1 |     8 |     1 |       ||    11
       Pizza             |       |       |       |     3 |     1 |       |       ||     4
       Royal jelly       |       |       |       |       |       |     1 |       ||     1
